 Dungeon Crawl Stone Soup version 0.29-a0-717-g6dac4ea423 (webtiles) character file.

Game seed: 11932855639063558775

16 Shayle the Grasshopper (level 2, 0/26 HPs)
             Began as a Naga Warper on June 26, 2022.
             Slain by a quokka (3 damage)
             ... on level 1 of the Dungeon.
             The game lasted 00:02:15 (1485 turns).

Shayle the Grasshopper (Naga Warper)                Turns: 1485, Time: 00:02:15

Health: 0/26       AC:  2    Str: 13    XL:     2   Next: 54%
Magic:  5/5        EV:  9    Int: 13    God:
Gold:   38         SH:  0    Dex: 10    Spells: 5/5 levels left

rFire   . . .      SeeInvis +     - Unarmed
rCold   . . .      Faith    .   (no shield)
rNeg    . . .      Spirit   .   a - +0 leather armour
rPois   +          Reflect  .   (no helmet)
rElec   .          Harm     .   (no cloak)
rCorr   .          Rampage  .   (no gloves)
Will    .....                   (no barding)
Stlth   +.........              (no amulet)
HPRegen 0.08/turn               (no ring)
MPRegen 0.09/turn               (no ring)

@: very slow
A: AC +0, large, see invisible, deformed body, poison resistance, slowness 2,
spit poison 1, naga tail 1, stinger 1
a: Spit Poison


You were on level 1 of the Dungeon.
You visited 1 branch of the dungeon, and saw 1 of its levels.

You collected 38 gold pieces.

Inventory:

Missiles
 c - 2 boomerangs of dispersal (quivered)
Armour
 a - a +0 leather armour (worn)
Scrolls
 d - a scroll of fear {unknown}
 f - a scroll of amnesia {unknown}
 g - a scroll of identify {unknown}
 i - a scroll of torment {unknown}
Potions
 e - a potion of curing {unknown}


   Skills:
 + Level 2.3 Fighting
 + Level 1.2 Throwing
 + Level 1.1 Armour
 - Level 1.5 Dodging
 + Level 2.3 Unarmed Combat
 - Level 2.0 Spellcasting
 - Level 3.0 Translocations


You had 5 spell levels left.
You didn't know any spells.
Your spell library contained the following spells:

 Spells                   Type           Power      Damage    Failure   Level
 Blink                    Tloc           18%        N/A       14%         2
 Gell's Gravitas          Tloc           9%         N/A       28%         3
 Lesser Beckoning         Tloc           9%         N/A       28%         3
 Teleport Other           Tloc           9%         N/A       28%         3
 Manifold Assault         Tloc           9%         N/A       95%         5


Dungeon Overview and Level Annotations

Branches:
Dungeon (1/15)

Altars:


Innate Abilities, Weirdness & Mutations

Your serpentine skin is tough. (AC +0)
You have supernaturally acute eyesight. (SInv)
Armour fits poorly on your strangely shaped body.
Your system is resistant to poisons. (rPois)
You cover ground very slowly.
You can spit poison.
You have a snake-like lower body.
Your tail ends in a venomous barb.


Message History

A venomous barb forms on the end of your tail.
The quokka misses you.
You miss the quokka.
The quokka is severely wounded.
The quokka bites you.
* * * LOW HITPOINT WARNING * * *
Blink to where?
Press: ? - help, Dir - move target, p - quokka
As you read the scroll of blinking, it crumbles to dust.
Aiming: Spit Poison (2% risk of failure)
Press: ? - help, Shift-Dir - straight line, f - quokka
Aim: a quokka (severely wounded, 45% to hit)
The splash of poison misses the quokka.
Unknown command.
Throw: 6 boomerangs (disperse)
Press: ? - help, Q - select action, (/) - cycle Shift-Dir - straight line, f/p - quokka
Aim: a quokka (severely wounded, 43% to hit)
You throw a boomerang of dispersal.
The boomerang of dispersal barely misses the quokka.
The quokka misses you.
Throw: 5 boomerangs (disperse)
Press: ? - help, Q - select action, (/) - cycle Shift-Dir - straight line, f/p - quokka
Aim: a quokka (severely wounded, 43% to hit)
You throw a boomerang of dispersal.
The boomerang of dispersal closely misses the quokka.
The quokka closely misses you. The quokka barely misses you.
Throw: 4 boomerangs (disperse)
Press: ? - help, Q - select action, (/) - cycle Shift-Dir - straight line, f/p - quokka
Aim: a quokka (severely wounded, 43% to hit)
You throw a boomerang of dispersal.
The boomerang of dispersal closely misses the quokka.
The quokka bites you but does no damage.
Throw: 3 boomerangs (disperse)
Press: ? - help, Q - select action, (/) - cycle Shift-Dir - straight line, f/p - quokka
Aim: a quokka (severely wounded, 43% to hit)
You throw a boomerang of dispersal.
The boomerang of dispersal closely misses the quokka.
You have got your breath back.
The quokka barely misses you. The quokka bites you.
You die...

##########
.........#####
.#######.....######
######## .....#
#..#...Kr@.#
#.......
.###.###..#..####.#
#.#...##
.##.....)....# #.#
#.#...#
.#.....#..##.# #.#
##.#...##
.............# #.#
#........
####r######### #.#
#........ #ยง# #.#
#........ #.# #.#
####...## ##K## #.#
#...#


You could see a quokka and a kobold.

Vanquished Creatures
  A dart slug (D:1)
  2 ball pythons (D:1)
  An endoplasm (D:1)
  3 goblins (D:1)
  2 hobgoblins (D:1)
  A quokka (D:1)
  A bat (D:1)
  A rat (D:1)
12 creatures vanquished.

Vanquished Creatures (others)
  12 plants (D:1)
12 creatures vanquished.

Grand Total: 24 creatures vanquished

Notes
Turn   | Place    | Note
-------+----------+-------------------------------------------
     0 | D:1      | Shayle the Naga Warper began the quest for the Orb.
     0 | D:1      | Reached XP level 1. HP: 19/19 MP: 3/3
   148 | D:1      | Reached skill level 1 in Throwing
   423 | D:1      | Reached skill level 1 in Armour
   664 | D:1      | Reached XP level 2. HP: 11/26 MP: 5/5
  1472 | D:1      | Gained mutation: Your tail ends in a venomous barb. [potion
                  | of mutation]
  1473 | D:1      | HP: 1/26 [quokka (4)]
  1485 | D:1      | Slain by a quokka

Illustrated notes

Levels and vault maps discovered:
D:1:      roderic_crop_circles_arrival_small, layout_loops_corners

Skill      XL: |  1 |
---------------+----+-----
Throwing       | 1 |  1.2
Armour         | 1 |  1.1
Fighting       | |  2.3
Dodging        | |  1.5
Unarmed Combat | |  2.3
Spellcasting   | |  2.0
Translocations | |  3.0

Action                   || total
-------------------------++-------
Melee: Unarmed           ||    40
       Punch             ||     1
Throw: Boomerang         ||     5
 Abil: Spit Poison       ||    10
  Use: Scroll            ||     1
       Potion            ||     1
 Stab: Sleeping          ||     1
Armor: Leather armour    ||    10
Dodge: Dodged            ||    23

Table legend: (Time is in decaauts)
 A = Elapsed time spent in this place.
 B = Non-inter-level travel time spent in this place.
 C = Inter-level travel time spent in this place.
 D = Time resting spent in this place.
 E = Time spent auto-exploring this place.
 F = Levels seen in this place.
 G = Mean time per level.
                   A        B        C        D        E       F      G
               +--------+--------+--------+--------+--------+-----+--------+
         Total |   1686 |   1686 |      0 |    749 |    787 |   1 | 1686.0 |
       Dungeon |   1686 |   1686 |      0 |    749 |    787 |   1 | 1686.0 |
               +--------+--------+--------+--------+--------+-----+--------+

Top non-repeatable levels by time:
     D:1: 1686 daAuts
